 Dungeon Crawl Stone Soup version 0.30.1-11-g7821555f0a (webtiles) character file.

Game seed: 9953993029842213135

172 Gumption the Poker (level 5, -7/47 HPs)
             Began as a Hill Orc Monk on Nov 10, 2023.
             Engulfed by a steam dragon's steam (10 damage)
             ... on level 4 of the Dungeon.
             The game lasted 00:25:42 (3994 turns).

Gumption the Poker (Hill Orc Monk)                  Turns: 3994, Time: 00:25:43

Health: -7/47      AC: 12    Str: 16    XL:     5   Next: 53%
Magic:  5/5        EV:  5    Int: 10    God:
Gold:   142        SH:  0    Dex: 13    Spells: 4/4 levels left

rFire   . . .        a - +1 trident
rCold   . . .        d - orb {light}
rNeg    . . .        x - +0 plate armour
rPois   .            o - +0 helmet
rElec   .            (no cloak)
rCorr   .            (no gloves)
SInv    .            (no boots)
Will    .....        i - amulet of regeneration Stlth
                     (no ring)
HPRegen 1.07/turn    (no ring)
MPRegen 0.09/turn

%: no passive effects
@: glowing
A: no striking features
a: no special abilities


You were on level 4 of the Dungeon.
You visited 1 branch of the dungeon, and saw 4 of its levels.

You collected 142 gold pieces.

Inventory:

Hand Weapons
 a - a +1 trident (weapon)
Missiles
 e - 45 stones (quivered)
 v - 2 boomerangs
Armour
 d - an orb of light (worn)
 o - a +0 helmet (worn)
 x - a +0 plate armour (worn)
Jewellery
 i - an amulet of regeneration (around neck)
 q - an amulet of the acrobat
Scrolls
 h - 2 scrolls of teleportation
 k - a scroll of magic mapping {unknown}
 l - a scroll of fog {unknown}
 m - a scroll of acquirement {unknown}
 n - a scroll of enchant weapon
 p - a scroll of brand weapon {unknown}
 u - a scroll of immolation {unknown}
Potions
 b - 2 potions of flight
 c - a potion of ambrosia
 g - 3 potions of curing
 r - a potion of brilliance {unknown}
 s - 2 potions of heal wounds {unknown}
 t - a potion of haste {unknown}


   Skills:
 + Level 4.5 Fighting
 * Level 4.9 Polearms
 * Level 3.4 Armour
 - Level 2.4 Dodging


You had 4 spell levels left.
You didn't know any spells.
Your spell library contained the following spells:

 Spells                   Type           Power      Damage    Failure   Level
 Anguish                  Hex/Necr       0%         N/A       100%        4
 Cause Fear               Hex            0%         N/A       100%        4
 Enfeeble                 Hex            0%         N/A       100%        7


Dungeon Overview and Level Annotations

Branches:
Dungeon (4/15)
 Temple: D:4-7

Altars:
Okawaru

Shops:
D:4 ?

Annotations:
D:3 2 runed translucent doors, ripuliukko's ghost, amateur GrEE
D:4 3 runed translucent doors, Fildev's ghost, amateur MiBe


Message History

The steam dragon is moderately wounded.
The steam dragon barely misses you. The steam dragon claws you.
The steam dragon bites you but does no damage.
The steam dragon claws you but does no damage.
You hit the steam dragon.
The steam dragon is moderately wounded.
The steam dragon breathes steam at you. The ball of steam hits you!
You hear a shout!
The steam dragon breathes steam at you. The ball of steam hits you!!
You hit the steam dragon but do no damage.
The steam dragon is moderately wounded.
You are engulfed in a cloud of scalding steam.
The steam dragon completely misses you.
The steam dragon claws you but does no damage.
You barely miss the steam dragon.
The steam dragon is moderately wounded.
You are engulfed in a cloud of scalding steam.
* * * LOW HITPOINT WARNING * * *
The steam dragon bites you but does no damage.
The steam dragon claws you but does no damage.
The steam dragon breathes steam at you. The ball of steam hits you!
* * * LOW HITPOINT WARNING * * *
You hit the steam dragon.
The steam dragon is moderately wounded.
You are engulfed in a cloud of scalding steam.
The steam dragon barely misses you.
The steam dragon claws you but does no damage.
You barely miss the steam dragon.
The steam dragon is moderately wounded.
You are engulfed in a cloud of scalding steam.
The steam dragon breathes steam at you. The ball of steam hits you.
* * * LOW HITPOINT WARNING * * *
You puncture the steam dragon!
The steam dragon is heavily wounded.
You are engulfed in a cloud of scalding steam.
You die...

### #.......# ..#. ..#
#.......###..[ #.# #.......#
.... ###:######.#
#.......###... ...D.......#
#.......##.WZ.
......##...######.......####++
..... ###.)............###...
##.. ####D......####...... ...
#@......####.##... ..
#§......##....#..# .
#§§.....##.#.!#.##
#§§.....##...<#.#
#§......#######.# ##......#
###.## #......## #.....
####....## #.#.#.
####..###.#...


You could see a steam dragon (catching breath).

Vanquished Creatures
  A wight (D:4)
  An orc wizard (D:2)
  6 adders
  2 dart slugs
  3 orcs (D:3)
  8 ball pythons
  2 bats (D:2)
  2 endoplasms
  2 giant cockroaches
  4 hobgoblins
  A frilled lizard (D:1)
  2 goblins
  6 kobolds
  3 rats
43 creatures vanquished.

Notes
Turn   | Place    | Note
-------+----------+-------------------------------------------
     0 | D:1      | Gumption the Hill Orc Monk began the quest for the Orb.
     0 | D:1      | Reached XP level 1. HP: 19/19 MP: 1/1
   558 | D:1      | Reached XP level 2. HP: 27/27 MP: 2/2
   640 | D:1      | Reached skill level 1 in Armour
  1154 | D:2      | Reached XP level 3. HP: 33/33 MP: 3/3
  2236 | D:3      | Found a runed translucent door.
  2239 | D:3      | Noticed a bullfrog
  2240 | D:3      | Noticed ripuliukko's ghost (amateur GrEE)
  2247 | D:3      | Found a faded altar of an unknown god.
  2279 | D:3      | Found a runed translucent door.
  2325 | D:2      | Reached XP level 4. HP: 40/40 MP: 4/4
  2839 | D:3      | Found an iron altar of Okawaru.
  3608 | D:4      | Found Ogiulel's Magic Scroll Emporium.
  3628 | D:4      | Reached XP level 5. HP: 46/47 MP: 5/5
  3629 | D:4      | Noticed an ogre
  3744 | D:4      | Found a runed translucent gate.
  3744 | D:4      | Found a runed translucent gate.
  3744 | D:4      | Found a runed translucent gate.
  3747 | D:4      | Noticed Fildev's ghost (amateur MiBe)
  3925 | D:4      | Noticed a steam dragon
  3994 | D:4      | Engulfed by a steam dragon's steam

Illustrated notes

Levels and vault maps discovered:
D:1:      elethiomel_arrival_shortcut, layout_basic, nicolae_eternal_life,
          nicolae_concentric_dashed_squares_wild, serial_park_tiny_pond
D:2:      layout_basic
D:3:      layout_loops_corners, mainiacjoe_overflow_surrounded_room,
          chequers_ecumenical_altar_simple_redux, ebering_ghost_sewer_f,
          serial_bayou_lake_a
D:4:      layout_basic, gammafunk_ghost_necromancy, minmay_shop_grid_forest,
          minmay_manual_monolith

Skill      XL: |  1  2  3  4 |
---------------+-------------+-----
Armour         | 1 2 3 |  3.4
Fighting       | 4 |  4.5
Polearms       | 4 |  4.9
Dodging        | |  2.4

Action                     |  1- 3 |  4- 6 || total
---------------------------+-------+-------++-------
  Melee: Spear             |    96 |    32 ||   128
         Trident           |       |    55 ||    55
    Use: Scroll            |       |     5 ||     5
 Armour: Robe              |     2 |       ||     2
         Ring mail         |    24 |     9 ||    33
         Plate armour      |       |    53 ||    53
  Dodge: Dodged            |    34 |    26 ||    60
